 Dungeon Crawl Stone Soup version 0.28-a0-631-g0446da8ef9 (webtiles) character file.

Game seed: 14183258552211168424

1281 gonz the Destroyer (level 8, 0/57 HPs)
             Began as a Grey Draconian Conjurer on Oct 10, 2021.
             Was an Initiate of Sif Muna.
             Succumbed to a gnoll sergeant's poison
             ... on level 5 of the Dungeon.
             The game lasted 00:27:54 (6998 turns).

gonz the Destroyer (Grey Draconian Conjurer)        Turns: 6998, Time: 00:27:55

Health: 0/57       AC: 11    Str: 11    XL:     8   Next: 29%
Magic:  7/15       EV: 12    Int: 20    God:    Sif Muna [......]
Gold:   192        SH:  0    Dex:  9    Spells: 6/16 levels left

rFire   + . .      SeeInvis .   a - staff of air
rCold   . . .      Faith    .   (no shield)
rNeg    . . .      Spirit   .   (armour unavailable)
rPois   .          Reflect  .   (helmet restricted)
rElec   +          Harm     .   (no cloak)
rCorr   +          Rampage  .   (no gloves)
Will    .....                   (no boots)
Stlth   ++........              (no amulet)
HPRegen 0.19/turn               b - ring of resist corrosion
MPRegen 0.14/turn               l - ring of protection from fire

@: brilliant, lethally poisoned (0 -> -2)
A: AC +11, amphibious, unfitting armour, cold-blooded
a: Renounce Religion


You were on level 5 of the Dungeon.
You worshipped Sif Muna.
Sif Muna was noncommittal.
You visited 2 branches of the dungeon, and saw 6 of its levels.

You collected 192 gold pieces.

Inventory:

Magical Staves
 a - a staff of air (weapon)
Jewellery
 b - a ring of resist corrosion (left hand)
 d - a ring of see invisible
 l - a ring of protection from fire (right hand)
Wands
 c - a wand of flame (5)
 q - a wand of polymorph (13)
Scrolls
 j - 2 scrolls of torment
 k - 2 scrolls of fog {unknown}
 m - a scroll of enchant weapon {unknown}
 o - a scroll of noise {unknown}
 p - a scroll of magic mapping {unknown}
Potions
 e - a potion of mutation {unknown}
 f - a potion of degeneration {unknown}
 g - a potion of magic {unknown}
 h - a potion of invisibility {unknown}
 i - a potion of might {unknown}
 n - a potion of brilliance
 r - a potion of lignification {unknown}


   Skills:
 - Level 1.7 Dodging
 - Level 1.7 Stealth
 + Level 4.9 Spellcasting
 * Level 8.2 Conjurations
 + Level 4.3 Hexes


You had 6 spell levels left.
You knew the following spells:

 Your Spells              Type           Power      Damage    Failure   Level
a - Magic Dart            Conj           100%       1d8       1%          1
b - Searing Ray           Conj           100%       2d8       1%          2
c - Dazzling Flash        Conj/Hex       90%        N/A       2%          3
d - Fulminant Prism       Conj/Hex       22%        3d13      9%          4

Your spell library contained the following spells:

 Spells                   Type           Power      Damage    Failure   Level
 Beastly Appendage        Tmut           14%        N/A       12%         1
 Passwall                 Tmut/Erth      5%         N/A       19%         2
 Wereblood                Tmut           7%         N/A       19%         2
 Iskenderun's Mystic Bla  Conj/Tloc      32%        2d8       22%         4
 Spider Form              Tmut/Pois      3%         N/A       34%         3
 Swiftness                Air            11%        N/A       34%         3
 Invisibility             Hex            16%        N/A       96%         6


Dungeon Overview and Level Annotations

Branches:
Dungeon (5/15)             Temple (1/1) D:5

Altars:
Dithmenos
Okawaru
Sif Muna
Vehumet
Zin
The Shining One

Annotations:
D:4 1 runed translucent door, Crazy Yiuf


Innate Abilities, Weirdness & Mutations

Your dull iron-grey scales are very hard. (AC +11)
You are amphibious.
You cannot fit into any form of body armour.
You are cold-blooded and may be slowed by cold attacks.


Message History

(Press . to maintain the ray.)
You feel sick.
The gnoll sergeant hits you from afar with a +2 trident of venom!
You are more poisoned.
The searing ray hits the gnoll sergeant.
The gnoll sergeant is severely wounded.
You feel very sick. The gnoll sergeant misses you.
The searing ray hits the gnoll sergeant.
The gnoll sergeant is almost dead.
You feel very sick.
The gnoll sergeant hits you from afar with a +2 trident of venom.
You are lethally poisoned!
The searing ray hits the gnoll sergeant!
You kill the gnoll sergeant!
Sif Muna accepts your kill.
You finish channelling your searing ray.
* * * LOW HITPOINT WARNING * * *
You feel very sick.
* * * LOW HITPOINT WARNING * * *
You feel very sick.
Okay, then.
It was a potion of brilliance.
You feel clever all of a sudden.
* * * LOW HITPOINT WARNING * * *
You feel very sick.
Unknown command.
* * * LOW HITPOINT WARNING * * *
You feel very sick.
* * * LOW HITPOINT WARNING * * *
You feel sick.
* * * LOW HITPOINT WARNING * * *
You feel sick.
* * * LOW HITPOINT WARNING * * *
You feel sick.
* * * LOW HITPOINT WARNING * * *
You feel sick.
* * * LOW HITPOINT WARNING * * *
You feel sick.
You die...

...............###.....^...... .
.........#......##........... .#
.##.....##..................#..#
..#.....##..................#!###
........##......... #........##..
.........##.....#.# #............
.(.......###..#.#.###.#.......# #
........##.##.##.....###......#..
............#...@..)..#.......#..
.....#...........###......#...'..
...#####..........##..#..##...#..
#..## #.........)..##.##..#...# .
#....#####...#..#.............+
##.....##....#..##............#
## #.<....#...##.............#
#####......##..###......##....'
#..........###..........#.....#


There were no monsters in sight!

Vanquished Creatures
  Pikel (D:4)
  Sigmund (D:5)
  Edmund (D:3)
  2 ogres
  A gnoll sergeant (D:5)
  A water moccasin skeleton (D:4)
  A hound (D:5)
  An orc priest (D:3)
  An iguana (D:4)
  Terence (D:2)
  A gnoll (D:5)
  7 adders
  A shadow imp (D:5)
  An ufetubus (D:3)
  4 worms
  A dart slug (D:4)
  5 orcs
  4 bats
  5 endoplasms
  4 giant cockroaches
  3 goblins
  6 hobgoblins
  3 jackals (D:4)
  9 kobolds
  4 quokkas
  11 ball pythons
  4 frilled lizards
  9 rats
93 creatures vanquished.

Vanquished Creatures (others)
  2 fungi (D:4)
2 creatures vanquished.

Grand Total: 95 creatures vanquished

Notes
Turn   | Place    | Note
-------+----------+-------------------------------------------
     0 | D:1      | gonz the Draconian Conjurer began the quest for the Orb.
     0 | D:1      | Reached XP level 1. HP: 14/14 MP: 3/3
   276 | D:1      | Reached XP level 2. HP: 20/20 MP: 1/5
  1204 | D:2      | Reached skill level 1 in Hexes
  1204 | D:2      | Reached XP level 3. HP: 23/26 MP: 0/6
  1318 | D:2      | Learned a level 2 spell: Searing Ray
  1322 | D:2      | Learned a level 3 spell: Dazzling Flash
  1687 | D:2      | Noticed Terence
  2151 | D:2      | Reached XP level 4. HP: 20/33 MP: 4/7
  2289 | D:2      | Reached skill level 5 in Conjurations
  2870 | D:2      | Killed Terence
  3524 | D:3      | Reached XP level 5. HP: 38/38 MP: 5/9
  4237 | D:3      | Found a faded altar of an unknown god.
  4426 | D:4      | Noticed Edmund
  4476 | D:4      | Noticed an ogre
  4486 | D:3      | Killed an ogre
  4487 | D:3      | Reached XP level 6. HP: 19/45 MP: 3/10
  4764 | D:4      | Reached skill level 6 in Conjurations
  5048 | D:3      | Killed Edmund
  5558 | D:4      | Your scales start taking on a dull iron-grey colour.
  5558 | D:4      | Reached XP level 7. HP: 50/50 MP: 4/12
  5755 | D:4      | Learned a level 4 spell: Fulminant Prism
  6169 | D:4      | Found a runed translucent door.
  6170 | D:4      | Noticed Crazy Yiuf
  6338 | D:5      | Entered Level 5 of the Dungeon
  6365 | D:5      | Noticed Sigmund
  6391 | D:5      | Killed Sigmund
  6392 | D:5      | Reached skill level 7 in Conjurations
  6468 | D:5      | Found a staircase to the Ecumenical Temple.
  6486 | Temple   | Entered the Ecumenical Temple
  6517 | Temple   | Became a worshipper of Sif Muna the Loreminder
  6671 | D:5      | Noticed Pikel
  6699 | D:4      | Killed Pikel
  6700 | D:4      | Reached skill level 8 in Conjurations
  6700 | D:4      | Reached XP level 8. HP: 24/57 MP: 5/15
  6996 | D:5      | HP: 2/57 [poisoned by a gnoll sergeant]
  6998 | D:5      | Succumbed to a gnoll sergeant's poison

Illustrated notes

Levels and vault maps discovered:
D:1:      dpeg_arrival_rooms_c, layout_basic
D:2:      layout_basic, chequers_serial_rivers_room_b, grunt_ministairs_1,
          st_stairs_3, uniq_terence
D:3:      layout_loops_ring, basic_ecumenical_altar
D:4:      layout_loops_cross, grunt_decor_fettered, kennysheep_doodads,
          uniq_crazy_yiuf_cottage, uniq_edmund
D:5:      layout_cave_pools, mainiacjoe_overflow_24_doors,
          minmay_temple_entry_wispy, uniq_menkaure, uniq_ijyb, uniq_pikel,
          uniq_sigmund
Temple:   oiseaux_autumnal_temple

Skill      XL: |  1  2  3  4  5  6  7 |
---------------+----------------------+-----
Hexes          | 1 2 3 4 |  4.3
Conjurations   | 5 6 8 |  8.2
Spellcasting   | 3 4 |  4.9
Dodging        | |  1.7
Stealth        | |  1.7

Action                   |  1- 3 |  4- 6 |  7- 9 || total
-------------------------+-------+-------+-------++-------
Melee: Staff             |    30 |       |     1 ||    31
       Tailslap          |     3 |       |       ||     3
 Cast: Magic Dart        |    89 |    17 |       ||   106
       Searing Ray       |       |    37 |    18 ||    55
  Use: Scroll            |       |     2 |       ||     2
       Potion            |       |     2 |     1 ||     3
Armor: Skin              |    19 |     9 |     5 ||    33
Dodge: Dodged            |    42 |    31 |    23 ||    96

Table legend: (Time is in decaauts)
 A = Elapsed time spent in this place.
 B = Non-inter-level travel time spent in this place.
 C = Inter-level travel time spent in this place.
 D = Time resting spent in this place.
 E = Time spent auto-exploring this place.
 F = Levels seen in this place.
 G = Mean time per level.
                   A        B        C        D        E       F      G
               +--------+--------+--------+--------+--------+-----+--------+
         Total |   7011 |   6965 |     46 |   2523 |   1303 |   6 | 1168.5 |
       Dungeon |   6955 |   6909 |     46 |   2523 |   1292 |   5 | 1391.0 |
        Temple |     55 |     55 |      0 |      0 |     11 |   1 |   55.0 |
               +--------+--------+--------+--------+--------+-----+--------+

Top non-repeatable levels by time:
     D:2: 2331 daAuts
     D:3: 1533 daAuts
     D:4: 1518 daAuts
     D:1: 1153 daAuts
     D:5: 418 daAuts
  Temple: 55 daAuts
